 Dungeon Crawl Stone Soup version 0.31.0-11-ge490571c62 (webtiles) character file.

Game seed: 8291268909204319209

1786 Hubris850 the Grappler (level 9, -3/79 HPs)
             Began as an Octopode Shapeshifter on Jan 31, 2024.
             Slain by a centaur (5 damage)
             ... on level 6 of the Dungeon.
             The game lasted 00:11:09 (4459 turns).

Hubris850 the Grappler (Octopode Shapeshifter)      Turns: 4459, Time: 00:11:09

Health: -3/79      AC: 24    Str: 16    XL:     9   Next: 8%
Magic:  9/9        EV:  2    Int: 12    God:
Gold:   289        SH:  0    Dex: 13    Spells: 8/8 levels left

rFire   . .          .
                       - Unarmed
rCold   . . .        (no shield)
rNeg    . . .        (helmet currently unavailable)
rPois   +            i - amulet of regeneration
rElec   .            (no ring)
rCorr   .            (no ring)
SInv    .            (no ring)
Will    .....        (no ring)
Stlth   +            (no ring)
HPRegen 1.13/turn    (no ring)
MPRegen 0.11/turn    (no ring)
                     (no ring)

%: no passive effects
@: tree-form
A: stationary, stasis, torment immunity, boosted hp, almost no armour,
(amphibious), 8 rings, (camouflage 1), (gelatinous body 1), (nimble swimmer 1),
(tentacles)
a: no special abilities


You were on level 6 of the Dungeon.
You were a tree.
You visited 1 branch of the dungeon, and saw 6 of its levels.
You also visited: Ossuary.

You collected 289 gold pieces.

Inventory:

Hand Weapons
 v - a +3 short sword
 x - a +4 great sword
Missiles
 l - a javelin (quivered)
 m - 4 boomerangs
 B - 6 poisoned darts
Jewellery
 i - an amulet of regeneration (around neck)
 y - an amulet of magic regeneration
Talismans
 b - a beast talisman
 c - a flux talisman (active)
 e - a maw talisman
Scrolls
 f - 2 scrolls of immolation {unknown}
 g - a scroll of torment {unknown}
 j - 3 scrolls of fog {unknown}
 n - 3 scrolls of teleportation {unknown}
 p - 2 scrolls of acquirement {unknown}
 t - a scroll of revelation {unknown}
 u - 6 scrolls of identify {unknown}
 w - 2 scrolls of vulnerability {unknown}
 C - a scroll of noise {unknown}
Potions
 a - a potion of lignification
 d - 2 potions of haste {unknown}
 h - a potion of invisibility {unknown}
 k - 3 potions of berserk rage {unknown}
 o - 3 potions of ambrosia {unknown}
 q - 2 potions of heal wounds {unknown}
 r - a potion of attraction {unknown}
 s - 5 potions of curing {unknown}
 z - 3 potions of mutation {unknown}
 A - a potion of might {unknown}
 D - a potion of resistance {unknown}


   Skills:
 - Level 1.0 Fighting
 - Level 4.0 Dodging
 + Level 8.3 Unarmed Combat
 + Level 7.6 Shapeshifting


You had 8 spell levels left.
You didn't know any spells.
Your spell library contained the following spells:

 Spells                   Type           Power      Damage    Failure   Level
 Ozocubu's Armour         Ice            0%         N/A       69%         3
 Metabolic Englaciation   Hex/Ice        0%         N/A       100%        5
 Sculpt Simulacrum        Ice/Alch       0%         N/A       100%        6


Dungeon Overview and Level Annotations

Branches:
Dungeon (6/15)            Ossuary (visited)
 Temple: D:4-7

Altars:

Shops:
D:4 *


Innate Abilities, Weirdness & Mutations

You are a tree.
Your roots penetrate the ground, keeping you stationary.
You cannot be teleported.
You are immune to unholy pain and torment.
Your maximum health is greatly increased.
You cannot wear most types of armour.
((You are amphibious.))
You can wear up to eight rings at the same time.
((Your skin changes colour to match your surroundings (Stealth+).))
((Your rubbery body absorbs attacks. (AC +1, EV +1)))
((You are camouflaged when in or above water. (Stealth+)))
((You have tentacles for arms and can constrict up to eight enemies at once.))


Message History

The centaur is moderately wounded.
The centaur barely misses you. The centaur kicks you.
The centaur barely misses you. x2; The iguana barely misses you.
You closely miss the iguana. You grab the iguana.
You squeeze the iguana, but do no damage.
You constrict the iguana. The centaur closely misses you.
The centaur kicks you. The centaur closely misses you.
The centaur completely misses you. The iguana misses you.
You bludgeon the centaur!
The centaur begins to glow.
You squeeze the centaur.
The centaur is heavily wounded.
You constrict the iguana, but do no damage.
The centaur hits you. The centaur kicks you. The centaur barely misses you.
The centaur kicks you. The iguana bites you!
* * * LOW HITPOINT WARNING * * *
The centaur closely misses you. x2
You tentacle-slap the centaur.
The centaur glows dangerously bright.
The centaur is heavily wounded.
You constrict the iguana, but do no damage.
The centaur hits you.
* * * LOW HITPOINT WARNING * * *
The centaur closely misses you. The centaur misses you. The centaur kicks you.
* * * LOW HITPOINT WARNING * * *
The centaur closely misses you. The centaur barely misses you.
The iguana misses you.
You tentacle-slap the centaur but do no damage.
The centaur shudders as magic cascades through it!!
You kill the centaur!
You constrict the iguana. The centaur hits you.
* * * LOW HITPOINT WARNING * * *
The centaur completely misses you.
Unknown command.
Your transformation has ended.
You turn into a tree.
Your roots penetrate the ground.
You lose your grip on the iguana.
The centaur hits you but does no damage.
The centaur kicks you but does no damage.
The iguana bites you.
* * * LOW HITPOINT WARNING * * *
The centaur hits you.
You die...

##.#####+#.... ...
...#.....##...
#.####..........#.
#...............#. .
.....#..........## #.
#....#..........## #.
##....#..........##
.##.##c)l..#..........##
.......♣...#............
.##.....####............
#............###......
#.....####.### ###....
....##### #.# ##### ###(
#.# # #.# #.# #.# #


You could see a centaur (heavy contam) and an iguana.

Vanquished Creatures
  2 water moccasins (D:6)
  An ice beast (D:5)
  2 ogres
  A centaur (D:6)
  A kobold brigand (D:6)
  A scorpion (D:5)
  A water moccasin zombie (Ossuary)
  A wight (Ossuary)
  A bombardier beetle (D:4)
  2 howler monkeys
  3 centaur zombies (Ossuary)
  5 hounds
  An orc priest (D:3)
  A jelly (D:3)
  Crazy Yiuf (D:2)
  Jessica (D:3)
  5 iguanas
  4 scorpion zombies (Ossuary)
  2 sleepcaps
  Natasha (thrice) (D:3)
  4 adders
  2 white imps (D:5)
  2 ufetubi (D:6)
  2 adder zombies (Ossuary)
  2 dart slugs
  2 ribbon worms
  9 orcs
  8 ball pythons
  5 endoplasms
  A giant cockroach (D:2)
  8 goblins
  5 hobgoblins
  6 jackals
  12 kobolds
  3 quokkas
  3 bats
  3 frilled lizards (D:1)
  2 gnoll zombies (Ossuary)
  5 goblin zombies (Ossuary)
  5 hobgoblin zombies (Ossuary)
  4 orc zombies (Ossuary)
  5 rats
137 creatures vanquished.

Notes
Turn   | Place    | Note
-------+----------+-------------------------------------------
     0 | D:1      | Hubris850 the Octopode Shapeshifter began the quest for the
                  | Orb.
     0 | D:1      | Reached XP level 1. HP: 13/13 MP: 1/1
   160 | D:1      | Reached XP level 2. HP: 18/18 MP: 2/2
   599 | D:1      | Reached XP level 3. HP: 23/23 MP: 3/3
   913 | D:2      | Found a faded altar of an unknown god.
  1109 | D:2      | Found a runed translucent door.
  1110 | D:2      | Noticed Crazy Yiuf
  1118 | D:2      | Killed Crazy Yiuf
  1119 | D:2      | Reached XP level 4. HP: 12/28 MP: 4/4
  1865 | D:3      | Noticed Natasha
  1872 | D:3      | Killed Natasha
  1873 | D:3      | Reached skill level 4 in Unarmed Combat
  1873 | D:3      | Reached XP level 5. HP: 19/33 MP: 5/5
  2298 | D:3      | Noticed Natasha
  2304 | D:3      | Killed Natasha
  2375 | D:3      | Noticed Jessica
  2381 | D:3      | Killed Jessica
  2382 | D:3      | Reached XP level 6. HP: 38/38 MP: 6/6
  2416 | D:3      | Noticed Natasha
  2420 | D:3      | Killed Natasha
  2798 | D:4      | Found Onnuf's Assorted Antiques.
  2883 | D:4      | Reached skill level 5 in Unarmed Combat
  2955 | D:4      | Found a sand-covered staircase.
  2960 | Ossuary  | Entered an ossuary
  3016 | Ossuary  | Reached XP level 7. HP: 38/43 MP: 7/7
  3060 | Ossuary  | Reached skill level 5 in Shapeshifting
  3159 | Ossuary  | Reached skill level 6 in Unarmed Combat
  3159 | Ossuary  | Noticed a silent spectre
  3504 | D:5      | Entered Level 5 of the Dungeon
  3512 | D:5      | Reached XP level 8. HP: 33/48 MP: 8/8
  3667 | D:5      | Reached skill level 7 in Unarmed Combat
  4233 | D:6      | Reached skill level 8 in Unarmed Combat
  4416 | D:6      | Reached XP level 9. HP: 53/53 MP: 9/9
  4459 | D:6      | HP: 2/79 [iguana (4)]
  4459 | D:6      | Slain by a centaur

Illustrated notes

Levels and vault maps discovered:
D:1:      minmay_arrival_cross, layout_loops_corners
D:2:      minmay_inner_zag, layout_loops_ring, nicolae_ecumenical_pavilion,
          uniq_crazy_yiuf_cottage
D:3:      layout_loops_corners, uniq_natasha, uniq_jessica
D:4:      layout_rooms, nicolae_ossuary_entry_false_entrances, serial_shops,
          nicolae_diamond_shop
D:5:      layout_rooms, st_stairs_2
D:6:      layout_basic, minmay_manual_mares

Skill      XL: |  1  2  3  4  5  6  7  8 |
---------------+-------------------------+-----
Dodging        | 3 4 |  4.0
Unarmed Combat | 4 5 6 8 |  8.3
Shapeshifting  | 4 6 7 |  7.6
Fighting       | |  1.0

Action                     |  1- 3 |  4- 6 |  7- 9 || total
---------------------------+-------+-------+-------++-------
  Melee: Unarmed           |    43 |   106 |   150 ||   299
         Constrict         |    13 |    34 |    43 ||    90
         Tentacles         |    10 |    24 |    60 ||    94
         Punch             |     2 |     5 |     6 ||    13
  Throw: Javelin           |     2 |       |       ||     2
Ability: Begin Untransform |       |       |     1 ||     1
    Use: Potion            |       |       |     1 ||     1
   Stab: Sleeping          |     5 |     5 |     1 ||    11
 Armour: Skin              |    13 |    42 |    81 ||   136
  Dodge: Dodged            |    20 |    71 |   140 ||   231
   Form: Flux              |       |       |     1 ||     1
